cohdb
Replays
Latest Replays
All Replays
Popular Replays
Top Player Replays
Match Explorer
How It Works
Community
CoH3 Stats
Reddit
Sign in to upload your games and track your stats! →
Sign in with Steam
Match 43399898
Unlisted
Match 43399898
Overview
Messages
Build Orders
End
Panzerpioneer Squad
250 Light Carrier
Selects Panzerjäger Kommand Battlegroup
250 Light Carrier
Construct Light Support Kompanie
Selects GrB 39 Grenade Launcher Requisition
MG34 Team
MG34 Team
Fire Support Elements
Selects Mine Fields
le.IG 18 Support Gun Team
Assault Mechanized Group
le.IG 18 Support Gun Team
le.IG 18 Support Gun Team
le.IG 18 Support Gun Team
[HAN]Diederick Kastner
HeartySundew364
雨会代替思念
Accurus
Tiger One
WaterBoy
A-Kai
子清
0
0
Comments
sign in to comment!
No comments posted yet!